 Dungeon Crawl Stone Soup version 0.19-a0-1277-g7cecae3 (webtiles) character file.

47868 MrRokkomies the Grappler (level 14, -4/133 HPs)
             Began as a Troll Chaos Knight on Aug 30, 2016.
             Was a Follower of Jiyva.
             Slain by an ancient lich (19 damage)
             ... while paralysed by an ancient lich
             ... on level 1 of the Abyss.
             The game lasted 00:43:58 (15072 turns).

MrRokkomies the Grappler (Troll Chaos Knight)      Turns: 15072, Time: 00:43:59

Health: -4/133     AC: 11    Str: 28    XL:     14   Next: 10%
Magic:  18/18      EV:  1    Int:  8    God:    Jiyva [*.....]
Gold:   1110       SH:  0    Dex: 14    Spells: 0 memorised, 13 levels left

rFire  . . .     SeeInvis +       - Unarmed
rCold  + . .     Gourm    +     S - +2 robe {rC+}
rNeg   . . .     Faith    .     (no shield)
rPois  +         Spirit   .     R - +2 hat {SInv}
rElec  .         Dismiss  .     s - +1 cloak
rCorr  .         Reflect  .     (gloves unavailable)
MR     +....     Harm     .     (boots unavailable)
Stlth  ..........               (no amulet)
                                B - ring "Axiumm" {rPois Str+6 Slay+5 Stlth-}
                                Z - +3 ring of evasion

@: paralysed, about to teleport, drained
A: unfitting armour, claws 3, fast metabolism 3, frail 1, gourmand, regeneration
1, shaggy fur 1, tough skin 2
a: Request Jelly, Renounce Religion


You were on level 1 of the Abyss.
You worshipped Jiyva.
Jiyva was aware of your devotion.
You were not hungry.

You visited 2 branches of the dungeon, and saw 17 of its levels.
You visited the Abyss 1 time.

You collected 1110 gold pieces.

Inventory:

Hand Weapons
 I - a +1 blowgun
Missiles
 h - 3 large rocks (quivered)
 o - 100 poisoned needles
 q - 11 curare-tipped needles
 y - 4 exploding tomahawks
 Q - 4 throwing nets
Armour
 s - a +1 cloak (worn)
 R - a +2 hat of see invisible (worn)
 S - a +2 robe of cold resistance (worn)
Jewellery
 w - a cursed ring of teleportation {unknown}
 B - the ring "Axiumm" (right claw) {rPois Str+6 Slay+5 Stlth-}
   (You found it on level 6 of the Dungeon)

   [ring of slaying]

   It affects your strength (+6).
   It affects your accuracy and damage with ranged weapons and melee attacks
   (+5).
   It protects you from poison.
   It makes you less stealthy.
 G - an uncursed ring of protection from magic
 K - an uncursed ring of resist corrosion
 P - the ring "Orgh" {rPois rF+ Str+2 Int+5 Dex-3}
   (You found it on level 10 of the Dungeon)

   [ring of intelligence]

   It affects your strength (+2).
   It affects your intelligence (+5).
   It affects your dexterity (-3).
   It protects you from fire.
   It protects you from poison.
 X - the ring "Loxiten" {rElec rF+ Str-3 Dex+4 Stlth-}
   (You found it on level 4 of the Lair of Beasts)

   [ring of loudness]

   It affects your strength (-3).
   It affects your dexterity (+4).
   It protects you from fire.
   It insulates you from electricity.
   It makes you less stealthy.
 Z - a +3 ring of evasion (left claw)
Wands
 a - a wand of random effects (30/48)
 d - a wand of teleportation (5/9)
 k - a wand of random effects (29/48)
 l - a wand of lightning (6/15)
 r - a wand of slowing (23/48)
 C - a wand of iceblast (9/15)
 E - a wand of paralysis (17/24)
 H - a wand of acid (1/15)
 W - a wand of polymorph (13/24)
 Y - a wand of disintegration (11/24)
Scrolls
 g - a scroll of vulnerability {unknown}
 j - 7 scrolls of remove curse
 n - a scroll of fear
 p - a scroll of blinking
 t - 2 scrolls of recharging
 v - a scroll of teleportation
 z - a scroll of enchant armour
 M - 4 scrolls of magic mapping
Potions
 c - 3 potions of cancellation
 e - a potion of brilliance
 m - 5 potions of flight
 u - 4 potions of lignification
 A - 2 potions of mutation
 D - a potion of haste
 F - 5 potions of curing
 L - 3 potions of heal wounds
 N - a potion of magic
 O - 4 potions of agility
 U - a potion of ambrosia
Books
 T - a book of Ice

   Spells                             Type                      Level
   a - Ice Form                       Ice/Transmutation            4
   b - Metabolic Englaciation         Hexes/Ice                    5
   c - Ozocubu's Refrigeration        Ice                          6
   d - Bolt of Cold                   Conjuration/Ice              6
   e - Freezing Cloud                 Conjuration/Ice/Air          6
   f - Simulacrum                     Ice/Necromancy               6
 V - a book of Callings

   Spells                             Type                      Level
   a - Summon Small Mammal            Summoning                    1
   b - Call Imp                       Summoning                    2
   c - Call Canine Familiar           Summoning                    3
   d - Summon Guardian Golem          Hexes/Summoning              3
   e - Summon Lightning Spire         Summoning/Air                4
   f - Summon Ice Beast               Ice/Summoning                4
Comestibles
 b - 6 bread rations
 f - 16 meat rations
 i - 7 beef jerkies
 x - 10 slices of pizza
 J - 23 fruits


   Skills:
 - Level 11.8(11.1) Fighting
 * Level 6.8(6.3) Throwing
 - Level 10.2(9.6) Dodging
 - Level 12.6(11.9) Unarmed Combat
 * Level 7.0(6.4) Evocations


You had 13 spell levels left.
You didn't know any spells.

Dungeon Overview and Level Annotations

Branches:
Dungeon (11/15)            Temple (0/1) D:4            Lair (6/6) D:10
  Swamp (0/4) Lair:2        Snake (0/4) Lair:2        Slime (0/5) Lair:6
    Orc: D:9-12

Altars:
Ashenzari
Cheibriados
Hepliaklqana
Xom
Yredelemnul
Zin
Jiyva

Shops:
D:7 [   D:10 *

Annotations:
D:11 Sonja


Innate Abilities, Weirdness & Mutations

You are too large for most types of armour.
You have claws for hands.
Your metabolism is lightning-fast.
You like to eat raw meat.
Your natural rate of healing is unusually fast.
You are covered in fur. (AC +1)
You have very tough skin. (AC +2)
You are frail. (-10% HP)


Message History

The ufetubus hits you but does no damage.
The ancient lich touches you but does no damage.
The ufetubus hits you but does no damage.
The ufetubus hits you.
The ancient lich touches you but does no damage.
The lich touches you.
You feel drained. The ancient lich touches you.
You feel drained.
The lich touches you but does no damage.
The ancient lich points at you and mumbles some strange words.
You shrug off the repeated paralysis!
The lich touches you but does no damage.
The ancient lich touches you but does no damage.
The lich casts a spell at you.
Helpless, you fail to dodge the bolt of acid.
* * * LOW HITPOINT WARNING * * *
The acid burns!
* * * LOW HITPOINT WARNING * * *
The ynoxinul hits you but does no damage.
The ancient lich touches you!!
You die...

#. .# .###
..### §... ..##
#.5# #.. #3L#
... ###L@#..###
# #.x##...#. #.
###.#.#..#....
##...#...#..#..
##...# ###....
## #§.....#..
..# #.. §
##§#.....#.# ##
# # #.... ### .
# #. ##....
#.#... .# . .


You could see an ancient lich, a lich, a ynoxinul, a small abomination and an
ufetubus.

Vanquished Creatures
  Gastronok (Lair:1)
  A tentacled starspawn (Abyss:1)
  The ghost of xvga the Martial Artist, a journeyman OpTm of Gozag (Lair:6)
  The ghost of Deemzul the Carver, a journeyman DsBe of Trog (Lair:2)
  Harold (Lair:1)
  The ghost of Schizzik the Fighter, a journeyman DsGl of Ru (D:11)
  Fannar (Lair:2)
  2 hydras
  A catoblepas (Lair:3)
  A thrashing horror (Abyss:1)
  5 death yaks (Lair:6)
  The ghost of Arkorax the Basher, a novice OgGl of the Shining One (D:8)
  3 griffons
  A wolf spider (Lair:6)
  2 ugly things (D:11)
  5 black mambas (Lair:6)
  A guardian serpent (Lair:6)
  Maurice (D:8)
  A torpor snail (Lair:6)
  18 spiny frogs
  A freezing wraith (Abyss:1)
  An ice devil (Abyss:1)
  8 komodo dragons
  2 rime drakes
  2 trolls
  An ancient zyme (Abyss:1)
  A two-headed ogre (D:6)
  A raiju (shapeshifter) (D:8)
  2 dream sheep (D:8)
  A redback (Lair:6)
  A spriggan (Lair:3)
  10 wyverns (Lair:6)
  A hog (shapeshifter) (Lair:1)
  40 yaks
  A basilisk (Lair:2)
  A hog (D:9)
  7 hippogriffs
  4 nagas (Lair:2)
  18 water moccasins
  A sky beast (D:4)
  8 porcupines
  8 orc warriors
  An ice beast (Lair:6)
  5 black bears
  2 small abominations (Abyss:1)
  2 wasps (Lair:6)
  4 phantoms
  4 wolves (Lair:6)
  4 ogres
  7 centaurs
  4 big kobolds (D:8)
  14 crocodiles
  12 giant frogs
  A wyvern zombie (D:6)
  A gnoll sergeant (D:7)
  2 scorpions
  2 wights (D:6)
  5 killer bees (D:9)
  8 howler monkeys
  2 electric eels
  2 crimson imps
  A quasit (Abyss:1)
  3 giant frog zombies
  11 hounds
  4 jellies
  5 orc priests
  A giant frog skeleton (D:6)
  9 orc wizards
  8 worker ants
  Ijyb (D:3)
  6 iguanas
  A hound zombie (D:6)
  A worker ant zombie (D:10)
  6 gnolls
  18 adders
  39 river rats
  5 shadow imps
  An ooze (D:1)
  An adder zombie (D:6)
  2 worms
  4 dart slugs
  7 giant geckos
  39 orcs
  4 giant cockroaches
  3 goblins
  8 hobgoblins
  9 jackals
  7 kobolds
  2 ball pythons
  A ball python skeleton (D:5)
  16 bats
  3 giant newts
  12 rats
  2 fungi
  4 plants (Lair:3)
  A starspawn tentacle (Abyss:1)
496 creatures vanquished.

Vanquished Creatures (collateral kills)
  A centaur (D:6)
  A river rat (D:10)
  2 orcs
  4 bats (D:10)
  A rat (D:10)
9 creatures vanquished.

Vanquished Creatures (others)
  A hungry ghost (D:11)
  An orc priest (D:4)
  2 orc wizards
  A jelly (D:11)
  A worker ant (D:11)
  A shadow imp (D:11)
  3 orcs
  15 fungi
  25 plants
  3 starspawn tentacles (Abyss:1)
53 creatures vanquished.

Grand Total: 558 creatures vanquished

Notes
Turn   | Place    | Note
-------+----------+-------------------------------------------
     0 | D:1      | MrRokkomies the Troll Chaos Knight began the quest for the Orb.
     0 | D:1      | Reached XP level 1. HP: 22/22 MP: 0/0
   236 | D:1      | Reached XP level 2. HP: 29/29 MP: 1/1
   318 | D:1      | XOM: harmless Air miscast
   720 | D:1      | XOM: harmless Tmut miscast
   755 | D:2      | Found a basalt altar of Yredelemnul.
   756 | D:2      | XOM: silly message
   784 | D:2      | Reached XP level 3. HP: 36/36 MP: 2/2
   943 | D:2      | Found a shattered altar of Ashenzari.
   951 | D:2      | Reached skill level 1 in Throwing
  1036 | D:2      | Found a glowing silver altar of Zin.
  1088 | D:2      | XOM: harmless Air miscast
  1157 | D:2      | XOM: harmless Tmut miscast
  1174 | D:2      | XOM: silly message
  1389 | D:3      | Reached skill level 4 in Unarmed Combat
  1403 | D:3      | XOM: harmless Tloc miscast
  1433 | D:3      | Noticed Ijyb
  1448 | D:3      | Killed Ijyb
  1448 | D:3      | Reached XP level 4. HP: 9/44 MP: 3/3
  1949 | D:4      | Found a staircase to the Ecumenical Temple.
  2044 | D:4      | Reached XP level 5. HP: 47/50 MP: 4/4
  2147 | D:4      | Reached skill level 5 in Unarmed Combat
  2178 | D:4      | XOM is BORED!
  2178 | D:4      | XOM: mild Fire miscast
  2255 | D:4      | Found a hazy altar of Hepliaklqana.
  2286 | D:4      | Noticed a phantom
  2299 | D:4      | Killed a phantom
  2299 | D:4      | Reached XP level 6. HP: 45/59 MP: 5/5
  2416 | D:4      | Noticed a sky beast
  2422 | D:4      | Killed a sky beast
  2422 | D:4      | Reached skill level 6 in Unarmed Combat
  2422 | D:4      | Reached XP level 7. HP: 49/66 MP: 6/6
  2501 | D:4      | XOM: medium Air miscast
  2621 | D:4      | Found a snail-covered altar of Cheibriados.
  2684 | D:4      | XOM: 1-stop teleportation journey
  2769 | D:5      | Entered Level 5 of the Dungeon
  2945 | D:5      | XOM: enchant monster (good)
  3132 | D:5      | XOM: silly message
  3143 | D:5      | Reached skill level 5 in Throwing
  3242 | D:5      | Identified a scroll of acquirement
  3243 | D:5      | Got a dazzling large shield
  3249 | D:5      | Identified the +2 large shield "Riet" {rPois rN+ Str-5} (You acquired it on level 5 of the Dungeon)
  3638 | D:6      | Noticed a two-headed ogre
  3641 | D:6      | Killed a two-headed ogre
  3641 | D:6      | Reached skill level 7 in Unarmed Combat
  3641 | D:6      | Reached XP level 8. HP: 51/74 MP: 7/7
  3659 | D:6      | XOM: 1-stop teleportation journey
  3663 | D:6      | XOM: 2-stop teleportation journey
  3665 | D:6      | XOM: divination: magic mapping
  3679 | D:6      | Reached skill level 8 in Unarmed Combat
  3773 | D:6      | XOM: harmless Ice miscast
  3833 | D:6      | XOM: noise
  3982 | D:6      | Got a slimy steel ring
  3992 | D:6      | Identified the ring "Axiumm" {rPois Str+6 Slay+5 Stlth-} (You found it on level 6 of the Dungeon)
  4375 | D:7      | XOM: stealth player
  4420 | D:7      | XOM: harmless Tmut miscast
  4427 | D:7      | Reached XP level 9. HP: 62/87 MP: 8/8
  4428 | D:7      | Reached skill level 5 in Fighting
  4439 | D:7      | Reached skill level 9 in Unarmed Combat
  4523 | D:7      | XOM: swap monsters
  4524 | D:7      | XOM: summons friendly crimson imp
  4624 | D:7      | Found Boraen's Antique Armour Shoppe.
  4709 | D:7      | XOM: summons 3 friendly demons
  5102 | D:8      | Noticed Maurice
  5113 | D:8      | Killed Maurice
  5113 | D:8      | Reached skill level 10 in Unarmed Combat
  5431 | D:8      | XOM: cast spell 'Discord'
  5617 | D:8      | Noticed Arkorax's ghost (novice OgGl)
  5625 | D:8      | Killed Arkorax's ghost
  5625 | D:8      | Reached XP level 10. HP: 70/102 MP: 9/9
  5659 | D:8      | Noticed a two-headed hydra
  5669 | D:8      | XOM: polymorph yak -> basilisk
  5671 | D:8      | Killed a two-headed hydra
  5671 | D:8      | Reached skill level 11 in Unarmed Combat
  5671 | D:8      | XOM: cast spell 'Summon Small Mammal'
  5671 | D:8      | Noticed a black mamba
  5671 | D:8      | a basilisk changed into a black mamba
  5671 | D:8      | a black mamba changed into a raiju
  5678 | D:8      | XOM: divination: detect items
  6223 | D:9      | XOM: swap monsters
  6371 | D:9      | XOM: harmless Tmut miscast
  6372 | D:9      | XOM: cleaving
  6380 | D:9      | XOM: cleaving
  6382 | D:9      | Reached skill level 12 in Unarmed Combat
  6391 | D:9      | Reached XP level 11. HP: 22/115 MP: 10/10
  6717 | D:9      | XOM: divination: detect creatures
  6865 | D:9      | XOM: noise
  6882 | D:9      | XOM: polymorph ice beast -> hog
  7049 | D:10     | Entered Level 10 of the Dungeon
  7154 | D:10     | Found Hep Egh's Assorted Antiques.
  7206 | D:10     | XOM: cast spell 'Shadow Creatures'
  7233 | D:10     | XOM: medium Tloc miscast
  7388 | D:10     | XOM: god gift: cyan potion {god gift}
  7427 | D:10     | Found a staircase to the Lair.
  7604 | D:10     | Got a clouded golden ring
  7606 | D:10     | Identified the ring "Orgh" {rPois rF+ Str+2 Int+5 Dex-3} (You found it on level 10 of the Dungeon)
  7867 | Lair:1   | Entered Level 1 of the Lair of Beasts
  7867 | Lair:1   | Noticed Harold
  7874 | Lair:1   | Killed Harold
  8001 | Lair:1   | Noticed Gastronok
  8025 | Lair:1   | Killed Gastronok
  8025 | Lair:1   | Reached skill level 10 in Fighting
  8179 | Lair:1   | XOM: cloud trail
  8322 | Lair:1   | XOM: scenery: create altars
  8530 | Lair:1   | XOM: polymorph polar bear -> hog
  8536 | Lair:1   | XOM: cast spell 'Shadow Creatures'
  8844 | Lair:2   | XOM: divination: detect items
  8867 | Lair:2   | Noticed Fannar
  8870 | Lair:2   | Found a staircase to the Swamp.
  8870 | Lair:2   | XOM: 8-stop teleportation journey
  8880 | Lair:2   | XOM: enchant monster (good)
  8884 | Lair:2   | Reached skill level 5 in Dodging
  8956 | Lair:2   | Noticed Deemzul's ghost (journeyman DsBe)
  8962 | Lair:2   | XOM: smoke on damage
  8964 | Lair:2   | Killed Deemzul's ghost
  8964 | Lair:2   | Reached XP level 12. HP: 48/128 MP: 11/11
  9079 | Lair:2   | XOM: cleaving
  9102 | Lair:2   | XOM: cleaving
  9105 | Lair:2   | XOM: scenery: create altars
  9315 | Lair:2   | Found a staircase to the Snake Pit.
  9316 | Lair:2   | XOM: cleaving
  9379 | Lair:2   | XOM: scenery: 1 doors open
  9396 | Lair:2   | XOM: divination: detect items
  9406 | Lair:2   | Killed Fannar
  9439 | Lair:2   | XOM: stat loss: -1 Int (12/13)
  9890 | Lair:2   | XOM: severe Necr miscast
 10097 | Lair:3   | Noticed a catoblepas
 10097 | Lair:3   | XOM: scenery: create altars
 10108 | Lair:3   | Killed a catoblepas
 10137 | Lair:3   | XOM: 1-stop teleportation journey
 10145 | Lair:3   | XOM: medium Necr miscast
 10148 | Lair:3   | XOM: 2-stop teleportation journey
 10376 | Lair:3   | XOM: summons 1 hostile demon
 10405 | Lair:3   | XOM: summons 6 hostile demons
 10424 | Lair:3   | XOM: summons 2 hostile shadow creatures
 10425 | Lair:3   | Noticed a six-headed hydra
 10448 | Lair:3   | XOM: summons 1 hostile demon
 10450 | Lair:3   | XOM: swap monsters
 10592 | Lair:3   | XOM: give mutations
 10592 | Lair:3   | Gained mutation: You are dopey. (Int -2) [Xom's mischief]
 10592 | Lair:3   | Lost mutation: You are dopey. (Int -2) [Xom's mischief]
 10592 | Lair:3   | Gained mutation: You are frail. (-10% HP) [Xom's mischief]
 10768 | Lair:3   | XOM: harmless Summ miscast
 11130 | Lair:4   | Reached skill level 1 in Evocations
 11279 | Lair:4   | XOM: swap monsters
 11324 | Lair:4   | XOM: silly message
 11432 | Lair:4   | Got a faintly glowing diamond amulet
 11433 | Lair:4   | Identified the amulet of Ekhlitof {Harm *Drain Fragile rElec rN+} (You found it on level 4 of the Lair of Beasts)
 11529 | Lair:4   | Got a faintly glowing tin ring
 11531 | Lair:4   | Identified the ring "Loxiten" {rElec rF+ Str-3 Dex+4 Stlth-} (You found it on level 4 of the Lair of Beasts)
 11897 | Lair:4   | XOM: divination: detect items
 12088 | Lair:5   | XOM is BORED!
 12088 | Lair:5   | XOM: enchant monster (bad)
 12094 | Lair:5   | Reached XP level 13. HP: 63/125 MP: 14/14
 12480 | Lair:5   | XOM: mild Conj miscast
 12679 | Lair:5   | XOM: divination: detect items
 12845 | Lair:6   | Entered Level 6 of the Lair of Beasts
 12850 | Lair:6   | XOM: enchant monster (good)
 12877 | Lair:6   | Found a viscous altar of Jiyva.
 12877 | Lair:6   | Found a staircase to the Slime Pits.
 12879 | Lair:6   | Noticed xvga's ghost (journeyman OpTm)
 13048 | Lair:6   | XOM: god gift: knobbly jewelled staff {god gift}
 13128 | Lair:6   | XOM: 7-stop teleportation journey
 13158 | Lair:6   | XOM: mild Tmut miscast
 13289 | Lair:6   | XOM: 1-stop teleportation journey
 13294 | Lair:6   | XOM: confuse monster(s)
 13443 | Lair:6   | XOM: chaos cloud
 13453 | Lair:6   | Killed xvga's ghost
 13480 | Lair:6   | XOM is BORED!
 13480 | Lair:6   | XOM: medium Summ miscast
 13668 | Lair:6   | XOM: cast spell 'Ice Form'
 13674 | Lair:6   | XOM: summons 2 friendly demons
 13689 | Lair:6   | Reached skill level 5 in Evocations
 13796 | Lair:6   | XOM: scenery: create altars
 13799 | Lair:6   | XOM: polymorph worker ant -> howler monkey
 13802 | Lair:6   | XOM: summons friendly white imp
 13862 | Lair:6   | Reached skill level 10 in Dodging
 14287 | Lair:6   | XOM: polymorph basilisk -> ice beast
 14331 | Lair:6   | Fell from the grace of Xom
 14331 | Lair:6   | Became a worshipper of Jiyva Jygou the Shapeless
 14604 | D:11     | Noticed Schizzik's ghost (journeyman DsGl)
 14610 | D:11     | Killed Schizzik's ghost
 14676 | D:11     | Reached * piety under Jiyva
 14784 | D:11     | Noticed Sonja
 14801 | D:11     | Cast into level 1 of the Abyss (Sonja)
 14917 | Abyss:1  | Reached XP level 14. HP: 74/133 MP: 16/18
 14934 | Abyss:1  | Noticed a starcursed mass
 14934 | Abyss:1  | Noticed a tentacled starspawn
 14954 | Abyss:1  | Killed a tentacled starspawn
 15051 | Abyss:1  | Noticed an ancient lich
 15065 | Abyss:1  | Noticed a lich
 15068 | Abyss:1  | Paralysed by an ancient lich for 5 turns
 15072 | Abyss:1  | Slain by an ancient lich

Vault maps used:
D:1:      dpeg_arrival_concentric_ovals
D:2:      evilmike_ruin_ashenzari, old_standard_altar, lemuel_crystal_altar,
          kennysheep_flooded_box
D:3:      uniq_iyjb
D:4:      cheibriados_altar_wand_db, kennysheep_mini_moat, first_bread
D:5:      serial_glass, glass_columns_b, glass_columns_c, item_on_display_a,
          due_unseen_surprise, item_on_display_a
D:6:      roderic_st_hans_cross
D:7:      serial_shops, shop
D:8:      hangedman_ranch, uniq_maurice
D:10:     grunt_lair_entry_orc_guard_hut, serial_shops, shop
D:11:     david_orc_4, kennysheep_generic_room_15, uniq_sonja
Lair:1:   gammafunk_lair_bear_cave, beast_lair_carwin_3, lemuel_fruit_tree,
          uniq_harold, uniq_gastronok
Lair:2:   swamp_mist_pool, minmay_snake_entry_guardpost_medium,
          small_statue_intersection, grunt_megastairs_1, serial_bayou_shore_b,
          uniq_fannar
Lair:3:   wad_woods_03, serial_bayou_shore_a, infiniplex_staircase_pool
Lair:4:   infiniplex_staircase_pool_2
Lair:6:   hangedman_lair_tendril_chambers, slime_altar_1, st_stairs_6

Skill      XL: |  1  2  3  4  5  6  7  8  9 10 11 12 13 14 |
---------------+-------------------------------------------+-----
Throwing       | 1 2 3 4 5 6 |  6.8
Unarmed Combat | 4 5 6 7 8 10 12 | 12.6
Fighting       | 4 7 9 10 11 | 11.8
Dodging        | 5 8 10 | 10.2
Evocations     | 2 6 7 |  7.0

Action                   |  1- 3 |  4- 6 |  7- 9 | 10-12 | 13-15 || total
-------------------------+-------+-------+-------+-------+-------++-------
Melee: Unarmed           |   120 |    78 |   233 |   522 |   372 ||  1325
       Punch             |       |       |     7 |    35 |    20 ||    62
Throw: Large rock        |       |       |     1 |     3 |     9 ||    13
       Stone             |       |       |       |     7 |       ||     7
       Throwing net      |       |       |       |     3 |       ||     3
Evoke: Wand              |       |       |       |     5 |       ||     5
  Use: Scroll            |     3 |     4 |    11 |     9 |     8 ||    35
       Potion            |       |       |     2 |     2 |     7 ||    11
 Stab: Sleeping          |     1 |       |     1 |       |       ||     2
       Petrified         |       |       |     3 |       |       ||     3
       Petrifying        |       |       |     2 |       |       ||     2
       Confused          |       |       |     1 |     3 |     1 ||     5
       Paralysed         |       |       |       |     1 |       ||     1
       Invisible         |       |       |       |     4 |     5 ||     9
       Held in net/web   |       |       |       |     2 |       ||     2
       Distracted        |       |       |       |       |     2 ||     2
  Eat: Chunk             |    18 |     9 |    26 |    54 |    20 ||   127
       Royal jelly       |       |       |       |     2 |       ||     2
       Meat ration       |       |       |       |     1 |       ||     1
Armor: Robe              |    58 |    20 |    93 |   159 |    82 ||   412
       Skin              |       |       |       |       |     5 ||     5
Dodge: Dodged            |    61 |    30 |   115 |   265 |   277 ||   748
